 Dungeon Crawl Stone Soup version 0.23-a0-639-ga9a3373 (console) character file.

95 Duffy the Firebug (level 4, 0/30 HPs)
             Began as a Demonspawn Fire Elementalist on Dec 29, 2018.
             Slain by a slave (6 damage)
             ... led by Pikel
             ... on level 4 of the Dungeon.
             The game lasted 00:02:07 (2037 turns).

Duffy the Firebug (Demonspawn Fire Elementalist)    Turns: 2037, Time: 00:02:08

Health: 0/30       AC:  2    Str:  8    XL:     4   Next: 39%
Magic:  2/8        EV: 12    Int: 17    God:
Gold:   65         SH:  0    Dex: 14    Spells: 7/8 levels left

rFire    . . .     SeeInvis .     - Unarmed
rCold    . . .     Gourm    .   (no shield)
rNeg     . . .     Faith    .   a - +0 robe
rPois    .         Spirit   .   (no helmet)
rElec    .         Reflect  .   (no cloak)
rCorr    .         Harm     .   (no gloves)
MR       .....                  (no boots)
Stlth    ++........             (no amulet)
HPRegen  0.10/turn              (no ring)
MPRegen  0.11/turn              (no ring)

@: very slightly contaminated
A: claws 1
a: no special abilities


You were on level 4 of the Dungeon.
You were hungry.

You visited 1 branch of the dungeon, and saw 4 of its levels.

You collected 65 gold pieces.

Inventory:

Armour
 a - a +0 robe (worn)
 e - a +0 ring mail
Wands
 f - a wand of iceblast (6)
 k - a wand of flame (22)
Scrolls
 b - 4 scrolls of identify {unknown}
 d - 2 scrolls of remove curse {unknown}
 h - a scroll of random uselessness {unknown}
Potions
 g - a potion of agility
 i - a potion of lignification {unknown}
 j - a potion of brilliance {unknown}
Comestibles
 c - 3 rations


   Skills:
 - Level 1.7 Dodging
 - Level 1.7 Stealth
 + Level 1.3 Unarmed Combat
 + Level 2.7 Spellcasting
 + Level 2.3 Conjurations
 + Level 3.4 Fire Magic


You had 7 spell levels left.
You knew the following spells:

 Your Spells              Type           Power        Failure   Level  Hunger
h - Flame Tongue          Conj/Fire      ##...        5%          1    #......

Your spell library contained the following spells:

 Spells                   Type           Power        Failure   Level  Hunger
 Magic Dart               Conj           ##..         7%          1    #......
 Throw Flame              Conj/Fire      ##....       9%          2    ##.....
 Conjure Flame            Conj/Fire      ##......     17%         3    ###....
 Animate Skeleton         Necr           N/A          19%         1    #......
 Apportation              Tloc           #.....       19%         1    #......
 Confusing Touch          Hex            #.....       19%         1    #......
 Summon Small Mammal      Summ           #...         19%         1    #......
 Blink                    Tloc           N/A          26%         2    ##.....
 Call Imp                 Summ           #.......     26%         2    ##.....
 Slow                     Hex            #.......     26%         2    ##.....
 Inner Flame              Hex/Fire       #.......     26%         3    ###....
 Mephitic Cloud           Conj/Pois/Air  #.......     36%         3    ###....
 Sticky Flame             Conj/Fire      ##......     50%         4    #####..
 Fireball                 Conj/Fire      ##........   83%         5    ######.


Dungeon Overview and Level Annotations

Branches:
Dungeon (4/15)
 Temple: D:4-7

Altars:
Elyvilon
Kikubaaqudgha
Ru
Zin
The Shining One


Innate Abilities, Weirdness & Mutations

You have sharp fingernails.


Message History

Aiming: Flame Tongue (safe; 5% risk of failure)
Press: ? - help, Shift-Dir - straight line, f/p - slave
Aim: a slave, wearing a +0 animal skin (moderately wounded)
The flame tongue misses the slave.
The slave hits you!
Casting: Flame Tongue (safe; 5% risk of failure)
Confirm with . or Enter, or press ? or * to list all spells.
Aiming: Flame Tongue (safe; 5% risk of failure)
Press: ? - help, Shift-Dir - straight line, f/p - slave
Aim: a slave, wearing a +0 animal skin (moderately wounded)
The flame tongue hits the slave.
The slave is moderately wounded.
The slave hits you!
* * * LOW HITPOINT WARNING * * *
Casting: Flame Tongue (safe; 5% risk of failure)
Confirm with . or Enter, or press ? or * to list all spells.
Aiming: Flame Tongue (safe; 5% risk of failure)
Press: ? - help, Shift-Dir - straight line, f/p - slave
Aim: a slave, wearing a +0 animal skin (moderately wounded)
You miscast Flame Tongue.
Sparks fly from your claws! The slave hits you.
You die...

...< ... #.# #.>## #########
# #...#####(..[.... ##.
....##..............# #..
#.......#..<....... ...
######.....)....... ...
###########@........... ...
#.........p#........... ...
#.>.......p##..........
..%###.........)###........#
.)..##..........# ..........
..............$.# ..........
[...............##..........
....##..........# ...
######..........#


You could see 2 slaves.

Vanquished Creatures
  A bullfrog skeleton (D:4)
  A hound skeleton (D:3)
  An adder (D:3)
  An adder skeleton (D:3)
  A worm (D:3)
  A dart slug (D:2)
  4 leopard geckos
  An orc (D:4)
  2 giant cockroaches
  6 goblins
  2 hobgoblins (D:3)
  A ball python (D:3)
  3 bats (D:3)
  A frilled lizard (D:2)
  A kobold (D:3)
  A quokka skeleton (D:3)
  5 rats
33 creatures vanquished.

Notes
Turn   | Place    | Note
-------+----------+-------------------------------------------
     0 | D:1      | Duffy the Demonspawn Fire Elementalist began the quest for
                  | the Orb.
     0 | D:1      | Reached XP level 1. HP: 13/13 MP: 3/3
   126 | D:2      | Gained mutation: You have sharp fingernails. [demonic
                  | ancestry]
   126 | D:2      | Reached XP level 2. HP: 14/19 MP: 0/5
   548 | D:3      | Reached skill level 3 in Fire Magic
   765 | D:3      | Found a sacrificial altar of Ru.
   799 | D:3      | Reached XP level 3. HP: 20/24 MP: 3/6
  1377 | D:3      | Found a white marble altar of Elyvilon.
  1377 | D:3      | Found a glowing golden altar of the Shining One.
  1378 | D:3      | Found a glowing silver altar of Zin.
  1410 | D:3      | Reached skill level 1 in Unarmed Combat
  1523 | D:3      | Found an ancient bone altar of Kikubaaqudgha.
  1764 | D:4      | Reached XP level 4. HP: 21/30 MP: 2/8
  2015 | D:4      | Noticed a slave
  2016 | D:4      | Noticed a slave
  2037 | D:4      | Slain by a slave

Vault maps used:
D:1:      psy_arrival_radial02
D:2:      first_ration, brannock_xom_greatest_gift, uniq_jessica
D:3:      good_gods_mini_temple, marbit_many_paths,
          nicolae_ru_the_path_less_chosen, serial_undead, serial_undead_b,
          serial_undead_e, serial_undead_b, serial_undead_c
D:4:      nicolae_ashenzari_panopticon, uniq_pikel, uniq_edmund

Skill      XL: |  1  2  3 |
---------------+----------+-----
Fire Magic     | 3 |  3.4
Conjurations   | 2 |  2.3
Unarmed Combat | 1 |  1.3
Dodging        | |  1.7
Stealth        | |  1.7
Spellcasting   | |  2.7

Action                   |  1- 3 |  4- 6 || total
-------------------------+-------+-------++-------
Melee: Unarmed           |    55 |     7 ||    62
 Cast: Flame Tongue      |    40 |     5 ||    45
 Stab: Sleeping          |     1 |       ||     1
  Eat: Ration            |     1 |       ||     1
Armor: Robe              |    11 |     1 ||    12
       Ring mail         |     3 |       ||     3
Dodge: Dodged            |    57 |     5 ||    62

Table legend:
 A = Non-vault XP
 B = Vault XP
 C = Vault XP percentage of total XP
 D = Non-vault monster count
 E = Vault monster count
 F = Vault count percentage of total count
                 A         B        C        D         E       F
            +---------+---------+-------+---------+---------+-------
      Total |     109 |      27 |  19.9 |      29 |       4 |  12.1
            +---------+---------+-------+---------+---------+-------
        D:1 |       1 |       0 |   0.0 |       1 |       0 |   0.0
        D:2 |      16 |       0 |   0.0 |       7 |       0 |   0.0
        D:3 |      46 |      27 |  37.0 |      18 |       4 |  18.2
        D:4 |      46 |       0 |   0.0 |       3 |       0 |   0.0
            +---------+---------+-------+---------+---------+-------
